Map: Ice and Chrome LE

Players

Neeb - Winner!

  • Race: Protoss Protoss
  • League: Master
  • Spawn Location: 1:00

Scarlett

  • Race: Zerg Zerg
  • Spawn Location: 7:00

Event: DreamHack SC2 Masters 2020 Fall

VOD

Have the link to the VOD?

Description

Time

  • Played on: Sept. 2, 2020, 5:21 p.m.
  • Length: 14:45

All games in this series

Show
View Real Time Build Order
Export as new Build Order

Neeb Protoss - Winner!

Build Orders: 1 Gate Expand, Oracle Opening, Archon Immortal 

Get SALT Encoding   

  12  0:00  Probe  
  13  0:12  Probe  
  14  0:20  Pylon  
  14  0:24  Probe  
  15  0:38  Probe (Chrono Boost)  
  15  0:40  Gateway  
  16  0:47  Probe (Chrono Boost)  
  17  0:51  Assimilator  
  17  0:52  Probe (Chrono Boost)  
  18  1:04  Probe  
  19  1:16  Probe  
  20  1:26  Nexus  
  20  1:32  Unknown x2  
  20  1:33  Unknown  
  20  1:36  Cybernetics Core  
  20  1:40  Probe  
  20  1:45  Assimilator  
  21  1:52  Probe  
  22  1:54  Pylon  
  22  2:04  Unknown  
  22  2:05  Probe (Chrono Boost)  
  22  2:08  Unknown  
  23  2:10  Adept (Chrono Boost)  
  23  2:15  Probe (Chrono Boost)  
  26  2:18  Unknown  
  26  2:20  Probe (Chrono Boost)  
  26  2:22  Stargate  
  27  2:31  Probe  
  27  2:32  Adept (Chrono Boost)  
  27  2:35  Warp Gate  
  30  2:38  Probe  
  30  2:43  Probe  
  32  2:50  Probe  
  33  2:53  Gateway  
  33  2:55  Probe  
  34  3:01  Void Ray (Chrono Boost)  
  34  3:02  Probe  
  35  3:07  Probe  
  40  3:14  Probe  
  40  3:16  Pylon  
  40  3:19  Probe  
  42  3:26  Probe  
  43  3:31  Probe  
  44  3:35  Oracle (Chrono Boost)  
  44  3:38  Probe  
  48  3:44  Probe  
  48  3:48  Nexus  
  49  3:50  Probe  
  49  3:52  Pylon  
  50  3:56  Pylon  
  50  3:57  Probe  
  51  4:03  Probe  
  51  4:05  Assimilator  
  51  4:07  Assimilator  
  51  4:09  Pylon  
  53  4:10  Probe  
  53  4:15  Probe  
  54  4:18  Forge  
  54  4:22  Twilight Council  
  54  4:23  Probe  
  55  4:26  Sentry  
  55  4:28  Sentry, Probe  
  60  4:34  Pylon  
  60  4:35  Probe  
  61  4:40  Probe  
  62  4:46  Protoss Ground Weapons Level 1  
  62  4:47  Probe  
  62  4:48  Robotics Facility  
  62  4:50  Adept  
  65  4:53  Probe  
  65  4:59  Probe  
  67  5:00  Probe  
  67  5:04  Sentry  
  67  5:05  Probe (Chrono Boost)  
  71  5:07  Shield Battery  
  71  5:08  Charge  
  71  5:09  Gateway  
  71  5:10  Gateway  
  71  5:12  Probe (Chrono Boost)  
  73  5:15  Probe (Chrono Boost)  
  74  5:23  Pylon, Probe x2 (Chrono Boost)  
  74  5:26  Probe (Chrono Boost)  
  76  5:30  Gateway  
  76  5:31  Gateway  
  75  5:36  Templar Archives  
  75  5:38  Observer (Chrono Boost)  
  76  5:43  Probe x2  
  76  5:44  Gateway  
  76  5:48  Gateway  
  76  5:49  Probe  
  79  5:52  Photon Cannon  
  79  5:55  Probe  
  80  5:58  Zealot x2  
  80  6:00  Warp Prism (Chrono Boost)  
  86  6:04  Probe x2  
  86  6:09  Assimilator  
  86  6:10  Assimilator  
  88  6:15  Pylon  
  88  6:16  Probe x2  
  90  6:20  Pylon  
  90  6:21  Zealot x2, High Templar x2  
  98  6:27  Zealot x2, Archon  
  98  6:30  Probe  
  103  6:45  Probe  
  102  6:47  High Templar  
  102  6:48  Zealot x4, High Templar  
  102  6:52  Archon  
  114  7:00  Pylon, Probe  
  114  7:01  Pylon  
  115  7:05  Zealot x2  
  115  7:08  Protoss Ground Weapons Level 2 (Chrono Boost), Probe  
  120  7:10  Immortal  
  116  7:27  Zealot x8  
  114  7:33  Psionic Storm, Probe  
  114  7:35  Probe  
  116  7:47  High Templar x3  
  116  7:49  Nexus  
  116  7:50  Immortal  
  126  7:51  Pylon  
  126  7:57  Probe x3  
  129  8:02  Photon Cannon  
  129  8:03  Photon Cannon  
  129  8:07  Gateway  
  129  8:08  Gateway  
  129  8:15  High Templar x2  
  129  8:18  Zealot x2, Photon Cannon  
  137  8:21  Zealot  
  137  8:24  Probe x3  
  142  8:29  Immortal  
  146  8:38  High Templar x2  
  148  8:43  Pylon  
  148  8:44  Pylon  
  148  8:45  Assimilator  
  148  8:47  Assimilator, Pylon  
  148  8:49  Pylon x2  
  148  8:50  Photon Cannon  
  148  9:02  Photon Cannon  
  148  9:08  Observer  
  149  9:10  High Templar x2  
  149  9:16  High Templar x2, Pylon  
  157  9:17  Zealot x6  
  157  9:18  Gateway  
  157  9:20  Archon x2  
  167  9:29  Immortal  
  171  9:32  Protoss Ground Weapons Level 3 (Chrono Boost)  
  171  9:34  Probe  
  154  9:53  High Templar  
  154  9:54  Zealot x7, High Templar  
  154  9:58  Photon Cannon  
  154  9:59  Photon Cannon, Archon  
  164  10:17  Gateway  
  164  10:18  Blink  
  164  10:19  Gateway  
  164  10:20  Zealot x4, High Templar x4  
  178  10:27  Archon x2  
  178  10:34  Pylon  
  178  10:45  Zealot x2  
  178  10:46  Zealot x4  
  190  10:52  Zealot x3  
  190  10:53  Zealot  
  180  11:06  Fleet Beacon  
  180  11:09  Zealot x5, Stargate  
  164  11:11  Stargate  
  160  11:20  Probe x2  
  162  11:32  High Templar x3  
  164  11:44  Nexus  
  154  11:56  Carrier x2 (Chrono Boost)  
  154  11:57  Archon x3, Carrier (Chrono Boost)  
  154  12:01  Protoss Air Weapons Level 1 (Chrono Boost)  
  138  12:09  High Templar  
  138  12:10  Zealot x8, High Templar  
  138  12:11  Probe x2  
  138  12:14  Shield Battery, Photon Cannon x2  
  138  12:15  Probe (Chrono Boost)  
  161  12:19  Protoss Shields Level 1  
  161  12:25  Probe (Chrono Boost)  
  161  12:29  Probe x2 (Chrono Boost)  
  162  12:33  Assimilator  
  162  12:35  High Templar x2  
  162  12:36  Zealot x4, High Templar x2  
  178  12:38  Assimilator  
  178  12:40  Archon  
  178  12:48  Dark Shrine  
  178  12:56  Photon Cannon  
  178  12:57  Pylon  
  178  12:58  Photon Cannon  
  178  13:00  Shield Battery  
  180  13:11  High Templar x4  
  180  13:12  Zealot x2  
  174  13:13  Zealot x4  
  174  13:15  Archon  
  174  13:16  Archon  
  184  13:25  Cybernetics Core  
  184  13:40  Zealot x6  
  196  13:44  Oracle  
  189  13:51  Photon Cannon  
  195  13:56  Photon Cannon  
  195  14:02  Oracle  
  194  14:12  High Templar  
  194  14:13  High Templar  
  194  14:15  Photon Cannon  
  194  14:16  Photon Cannon  
  198  14:18  Photon Cannon  
  198  14:21  Photon Cannon  
  198  14:23  Photon Cannon  
  186  14:26  Shield Battery  
  186  14:30  Shield Battery  
Show
View Real Time Build Order
Export as new Build Order

Scarlett Zerg 

Build Orders: Hatch First, Lurkers, Swarm Host 

Get SALT Encoding   

  12  0:00  Drone  
  13  0:12  Overlord  
  13  0:16  Drone  
  14  0:30  Drone x2  
  16  0:48  Drone  
  17  0:50  Hatchery  
  17  0:54  Drone  
  17  0:57  Drone  
  18  1:09  Extractor  
  17  1:12  Spawning Pool  
  17  1:15  Drone  
  17  1:20  Drone  
  18  1:28  Unknown  
  18  1:31  Drone  
  19  1:41  Drone  
  20  1:50  Overlord  
  20  1:59  Queen  
  22  2:02  Queen  
  22  2:03  Zergling x2  
  22  2:04  Zergling x2  
  26  2:10  Metabolic Boost  
  26  2:11  Drone  
  26  2:13  Drone  
  28  2:15  Unknown  
  28  2:16  Unknown x2  
  28  2:22  Drone  
  29  2:33  Hatchery  
  28  2:38  Drone x2  
  28  2:41  Drone  
  31  2:47  Overlord  
  31  2:48  Drone  
  32  2:53  Queen  
  34  3:04  Drone x2  
  36  3:12  Drone x4  
  40  3:14  Overlord  
  40  3:18  Zergling x2  
  41  3:22  Drone  
  41  3:26  Drone  
  43  3:32  Drone  
  44  3:38  Drone  
  44  3:39  Drone  
  44  3:40  Overlord  
  46  3:42  Overlord x2  
  46  3:46  Drone, Queen  
  49  3:52  Overlord  
  49  3:56  Queen  
  49  3:57  Spore Crawler  
  49  4:01  Drone x3  
  53  4:05  Drone x2  
  53  4:06  Drone  
  53  4:08  Drone  
  53  4:09  Drone  
  58  4:16  Drone  
  60  4:17  Drone x3  
  60  4:18  Evolution Chamber  
  60  4:20  Drone x2  
  60  4:22  Spore Crawler  
  62  4:28  Drone x2  
  64  4:34  Queen  
  64  4:46  Drone  
  64  4:47  Drone x7  
  64  4:49  Zerg Melee Weapons Level 1  
  64  4:50  Lair  
  72  4:56  Zergling x2, Overlord  
  72  4:57  Zergling x10  
  78  5:01  Extractor  
  78  5:06  Overlord  
  76  5:07  Drone x2  
  76  5:09  Extractor  
  76  5:12  Baneling Nest  
  75  5:15  Overlord  
  75  5:16  Queen x2  
  75  5:20  Extractor  
  75  5:21  Overlord  
  78  5:22  Drone x5  
  78  5:27  Extractor  
  82  5:31  Drone x2  
  84  5:35  Drone  
  84  5:36  Drone x3  
  87  5:43  Drone  
  87  5:44  Drone x2  
  87  5:49  Hydralisk Den  
  89  5:57  Overlord  
  89  5:58  Drone x2, Overlord, Centrifical Hooks  
  89  5:59  Drone, Extractor  
  89  6:00  Zergling x14  
  98  6:09  Zergling x2  
  99  6:14  Overseer  
  99  6:21  Grooved Spines, Hydralisk x3  
  99  6:22  Hydralisk x3  
  110  6:30  Hydralisk  
  110  6:31  Hydralisk x2  
  110  6:32  Zergling x10  
  118  6:46  Zergling x12  
  117  6:47  Zerg Melee Weapons Level 2  
  117  6:50  Hatchery  
  117  6:52  Zergling x2  
  117  6:53  Zergling x2  
  118  6:59  Baneling x5  
  118  7:00  Hydralisk  
  118  7:01  Hydralisk x2  
  119  7:07  Overlord x2, Baneling x5  
  123  7:13  Overlord x2  
  110  7:23  Hydralisk x6  
  114  7:31  Hydralisk x2  
  114  7:40  Drone x2  
  114  7:41  Muscular Augments  
  115  7:44  Zergling x4  
  115  7:50  Zergling x14  
  124  7:57  Zergling x2  
  124  8:04  Zergling x6  
  127  8:06  Baneling  
  127  8:07  Baneling x3  
  127  8:09  Baneling x3  
  127  8:10  Zergling x2, Baneling x2  
  127  8:11  Zergling x10  
  133  8:14  Drone x5  
  133  8:15  Infestation Pit  
  137  8:23  Drone x5  
  142  8:29  Hydralisk  
  142  8:32  Hydralisk  
  142  8:34  Baneling x8  
  146  8:41  Drone x4  
  146  8:42  Drone, Overlord x4  
  150  8:50  Hatchery  
  149  8:59  Nydus Network, Swarm Host x6  
  166  9:03  Zerg Missile Weapons Level 1  
  166  9:08  Extractor  
  166  9:09  Swarm Host  
  165  9:10  Swarm Host x2  
  165  9:12  Zergling x8  
  165  9:13  Zergling x6  
  181  9:24  Zergling x8  
  181  9:25  Swarm Host  
  181  9:26  Swarm Host x2  
  193  9:45  Nydus Canal  
  187  9:54  Baneling x12  
  187  9:55  Baneling x5  
  187  9:59  Baneling  
  186  10:14  Hive  
  180  10:18  Lurker Den  
  180  10:20  Nydus Canal  
  180  10:21  Zergling x22  
  177  10:22  Zergling x24  
  177  10:28  Drone, Extractor  
  198  10:34  Pneumatized Carapace  
  197  10:56  Extractor  
  192  10:57  Hydralisk, Extractor  
  192  10:58  Hydralisk x5, Spine Crawler  
  185  11:06  Hydralisk x3  
  185  11:07  Hydralisk x5  
  185  11:13  Nydus Canal  
  173  11:22  Zergling x18  
  173  11:23  Zergling x26  
  184  11:34  Zergling x10  
  173  11:41  Zerg Missile Weapons Level 2  
  145  11:58  Hydralisk x4  
  145  11:59  Zergling x6  
  145  12:01  Hatchery  
  129  12:04  Drone  
  129  12:05  Hatchery  
  128  12:13  Drone x4  
  132  12:19  Seismic Spines  
  132  12:24  Drone x3  
  132  12:29  Extractor  
  133  12:31  Queen x2  
  133  12:32  Queen  
  139  12:45  Nydus Canal  
  139  12:48  Baneling x5  
  139  12:56  Drone x11  
  150  13:04  Adrenal Glands  
  143  13:07  Hydralisk x2  
  143  13:08  Hydralisk  
  143  13:09  Lurker  
  143  13:10  Lurker x6  
  154  13:14  Hydralisk x2  
  158  13:21  Drone x4  
  158  13:22  Drone  
  158  13:23  Adaptive Talons  
  158  13:24  Spire  
  158  13:26  Zergling x4  
  164  13:27  Zergling x2  
  165  13:37  Overseer  
  163  13:46  Zergling x2  
  163  13:47  Zergling x18  
  171  13:55  Hydralisk  
  171  13:56  Hydralisk x6  

Tags
 
Add a new tag
Caveats
  • Supply blocks, unpowered buildings, or Contaminate may cause inaccurate times.
  • Supply counts are checked every 10 seconds.